IL
TOLEDO MUD HENS @ OMAHA STORM CHASERS
04/02/2048
 
TOP OF THE 1ST
Toledo Mud Hens batting - Pitching for Omaha Storm Chasers : RHP Dennis Holifield
Pitching: RHP Dennis Holifield
Batting: RHB Brandon O'Malley 0-0: Ball
1-0: Ball
2-0: Called Strike
2-1: SINGLE (Groundball, 34S, EV 65.6 MPH) (infield hit)
Batting: RHB J.J. Basil 0-0: Ball
1-0: Grounds into double play, 4-6-3 (Groundball, 4, EV 105.0 MPH)
Batting: LHB Bill Ford 0-0: Called Strike
0-1: Ball
1-1: Ball
2-1: Ground out U3 (Groundball, 34, EV 86.9 MPH)
Top of the 1st over - 0 runs, 1 hit, 0 errors, 0 left on base; Toledo 0 - Omaha 0
BOTTOM OF THE 1ST
Omaha Storm Chasers batting - Pitching for Toledo Mud Hens : RHP Wayne McAllister
Pitching: RHP Wayne McAllister
Batting: LHB Jim Pankratz 0-0: Foul Ball, location: 2F
0-1: Ball
1-1: SINGLE (Groundball, 56D, EV 105.6 MPH)
Batting: RHB Walt Cogswell 0-0: Ball
1-0: Called Strike
1-1: Foul Ball, location: 2F
1-2: Ball
2-2: Ball
3-2: SINGLE (Groundball, 34, EV 94.4 MPH)
Jim Pankratz to second
Jim Pankratz to third
Batting: RHB Ken Postlethwaite 0-0: SINGLE (Groundball, 6S, EV 65.0 MPH) (infield hit)
Jim Pankratz scores
Walt Cogswell to second
Batting: RHB Danny Weisse 0-0: Ball
1-0: Ball
2-0: Swinging Strike
2-1: Called Strike
2-2: Strikes out swinging
Batting: SHB Francisco Gutierrez 0-0: Ball
1-0: Ball
2-0: Fielders Choice at 2nd, 5-4 (Groundball, 56, EV 109.4 MPH)
Walt Cogswell to third
Batting: LHB Danny Bailey 0-0: Foul Ball, location: 2F
0-1: Ball
1-1: Ball
2-1: Foul Ball, location: 2F
2-2: SINGLE (Groundball, 6M, EV 78.8 MPH) (infield hit)
Walt Cogswell scores
Francisco Gutierrez to second
Batting: RHB Yuichi Takata 0-0: Fielders Choice at 2nd, 6-4 (Groundball, 56, EV 88.8 MPH)
Bottom of the 1st over - 2 runs, 4 hits, 0 errors, 2 left on base; Toledo 0 - Omaha 2
TOP OF THE 2ND
Toledo Mud Hens batting - Pitching for Omaha Storm Chasers : RHP Dennis Holifield
Batting: LHB Jon Frederick 0-0: Ball
1-0: Ball
2-0: Ball
3-0: Called Strike
3-1: Base on Balls
Batting: RHB Dan Becvar 0-0: Ball
1-0: Ball
2-0: Ball
3-0: Base on Balls
Jon Frederick to second
Batting: RHB Willis Morales 0-0: Ball
1-0: Ball
2-0: SINGLE (Line Drive, 34D, EV 96.9 MPH)
Jon Frederick to third
Dan Becvar to second
Batting: RHB Joel Miller 0-0: Called Strike
0-1: Grounds into double play, 6-4-3 (Groundball, 6, EV 86.9 MPH)
Jon Frederick scores
Dan Becvar to third
Batting: SHB Chris Wagler 0-0: Ball
1-0: Foul Ball, location: 2F
1-1: SINGLE (Groundball, 5D, EV 105.0 MPH)
Dan Becvar scores
Batting: RHB Keith Hoffman 0-0: Ball
1-0: Swinging Strike
1-1: Foul Ball, location: 2F
1-2: Ball
2-2: Foul Ball, location: 2F
2-2: Strikes out swinging
Top of the 2nd over - 2 runs, 2 hits, 0 errors, 1 left on base; Toledo 2 - Omaha 2
BOTTOM OF THE 2ND
Omaha Storm Chasers batting - Pitching for Toledo Mud Hens : RHP Wayne McAllister
Batting: RHB Jason Birge 0-0: Foul Ball, location: 2F
0-1: Ball
1-1: Fly out, F7 (Line Drive, 7S, EV 96.9 MPH)
Batting: LHB Chris Eaker 0-0: Called Strike
0-1: Ball
1-1: Ball
2-1: Called Strike
2-2: DOUBLE (Groundball, 5L, EV 103.8 MPH)
Batting: LHB Jim Pankratz 0-0: Called Strike
0-1: Foul Ball, location: 2F
0-2: Ball
1-2: Ball
2-2: Strikes out swinging
Batting: RHB Walt Cogswell 0-0: Called Strike
0-1: Ball
1-1: Foul Ball, location: 2F
1-2: Strikes out swinging
Bottom of the 2nd over - 0 runs, 1 hit, 0 errors, 1 left on base; Toledo 2 - Omaha 2
TOP OF THE 3RD
Toledo Mud Hens batting - Pitching for Omaha Storm Chasers : RHP Dennis Holifield
Batting: RHB Brandon O'Malley 0-0: Ball
1-0: SINGLE (Groundball, P, EV 84.4 MPH) (infield hit)
Batting: RHB J.J. Basil 0-0: Called Strike
0-1: Fly out, F9 (Flyball, 89M, EV 86.9 MPH)
Batting: LHB Bill Ford 0-0: Ball
Brandon O'Malley steals 2nd, throwing error, E2
Brandon O'Malley to third
1-0: Ball
2-0: Ground out U3 (Groundball, 3, EV 106.2 MPH)
Batting: LHB Jon Frederick 0-0: Ball
1-0: Ground out 4-3 (Groundball, 4, EV 85.6 MPH)
Top of the 3rd over - 0 runs, 1 hit, 1 error, 1 left on base; Toledo 2 - Omaha 2
BOTTOM OF THE 3RD
Omaha Storm Chasers batting - Pitching for Toledo Mud Hens : RHP Wayne McAllister
Batting: RHB Ken Postlethwaite 0-0: Ground out 4-3 (Groundball, 6M, EV 100.0 MPH)
Batting: RHB Danny Weisse 0-0: Ball
1-0: Foul Ball, location: 2F
1-1: Ball
2-1: DOUBLE (Line Drive, 5D, EV 94.4 MPH)
Batting: SHB Francisco Gutierrez 0-0: Ball
1-0: Ball
2-0: Foul Ball, location: 2F
2-1: Foul Ball, location: 2F
2-2: Strikes out swinging
Batting: LHB Danny Bailey 0-0: Called Strike
0-1: Ball
1-1: Called Strike
1-2: Fly out, F3 (Popup, 34, EV 80.0 MPH)
Bottom of the 3rd over - 0 runs, 1 hit, 0 errors, 1 left on base; Toledo 2 - Omaha 2
TOP OF THE 4TH
Toledo Mud Hens batting - Pitching for Omaha Storm Chasers : RHP Dennis Holifield
Batting: RHB Dan Becvar 0-0: Swinging Strike
0-1: DOUBLE (Flyball, 8RXD, EV 103.1 MPH)
Batting: RHB Willis Morales 0-0: Ball
1-0: Ball
2-0: Ball
3-0: Base on Balls
Batting: RHB Joel Miller 0-0: SINGLE (Groundball, 56D, EV 99.4 MPH)
Dan Becvar to third
Willis Morales to second
Batting: SHB Chris Wagler 0-0: Called Strike
0-1: Ball
1-1: SINGLE (Line Drive, 9LM, EV 103.1 MPH)
Dan Becvar scores
Willis Morales to third
Joel Miller to second
Pitching: RHP Matthew Orphan
Batting: RHB Keith Hoffman 0-0: Called Strike
0-1: Ball
1-1: Foul Ball, location: 2F
1-2: Ball
2-2: Foul Ball, location: 2F
2-2: Foul Ball, location: 2F
2-2: Strikes out swinging
Batting: RHB Brandon O'Malley 0-0: Ball
1-0: Called Strike
1-1: Ball
2-1: Ball
3-1: Base on Balls
Willis Morales scores
Joel Miller to third
Chris Wagler to second
Batting: RHB J.J. Basil 0-0: Ball
1-0: Called Strike
1-1: Ball
2-1: Swinging Strike
2-2: Strikes out looking
Batting: LHB Bill Ford 0-0: Swinging Strike
0-1: Ground out 4-3 (Groundball, 4, EV 79.4 MPH)
Top of the 4th over - 2 runs, 3 hits, 0 errors, 3 left on base; Toledo 4 - Omaha 2
BOTTOM OF THE 4TH
Omaha Storm Chasers batting - Pitching for Toledo Mud Hens : RHP Wayne McAllister
Batting: RHB Yuichi Takata 0-0: Swinging Strike
0-1: Ball
1-1: Ground out U3 (Groundball, 3, EV 85.0 MPH)
Batting: RHB Jason Birge 0-0: Called Strike
0-1: Hit by Pitch
Batting: LHB Chris Eaker 0-0: Ball
1-0: Swinging Strike
1-1: Ball
2-1: Swinging Strike
2-2: Foul Ball, location: 2F
2-2: Strikes out swinging
Batting: LHB Jim Pankratz 0-0: Ball
1-0: Ball
2-0: Called Strike
2-1: Ball
3-1: Base on Balls
Jason Birge to second
Batting: RHB Walt Cogswell 0-0: Foul Ball, location: 2F
0-1: Called Strike
0-2: Foul Ball, location: 2F
0-2: Foul Ball, location: 2F
0-2: Ball
1-2: SINGLE (Groundball, 6D, EV 107.5 MPH)
Jason Birge to third
Jim Pankratz to second
Runner from 3rd tries for Home, SAFE, throw by CF to home
Batting: RHB Ken Postlethwaite 0-0: Called Strike
0-1: Foul Ball, location: 2F
0-2: DOUBLE (Flyball, 89XD, EV 113.1 MPH)
Jim Pankratz scores
Walt Cogswell to third
Runner from 3rd tries for Home, SAFE, throw by RF to home
Pitching: RHP Roberto Benavides
Batting: RHB Danny Weisse 0-0: Foul Ball, location: 2F
0-1: Foul Ball, location: 2F
0-2: Ball
1-2: SINGLE (Groundball, 3D, EV 105.0 MPH)
Ken Postlethwaite to third
Runner from 3rd tries for Home, throw by RF and OUT! 9-2
Bottom of the 4th over - 3 runs, 3 hits, 0 errors, 1 left on base; Toledo 4 - Omaha 5
TOP OF THE 5TH
Toledo Mud Hens batting - Pitching for Omaha Storm Chasers : RHP Matthew Orphan
Batting: LHB Jon Frederick 0-0: Ball
1-0: Foul Ball, location: 2F
1-1: Ball
2-1: Foul Ball, location: 2F
2-2: SOLO HOME RUN (Flyball, 89XD, EV 99.4 MPH), Distance : 384 ft
Batting: RHB Dan Becvar 0-0: Ground out 6-3 (Groundball, 6, EV 82.5 MPH)
Batting: RHB Willis Morales 0-0: Fly out, F7 (Flyball, 7LM, EV 90.6 MPH)
Batting: RHB Joel Miller 0-0: Ball
1-0: Ball
2-0: Ball
3-0: Called Strike
3-1: Base on Balls
Batting: SHB Chris Wagler 0-0: Ball
1-0: Called Strike
1-1: Ball
2-1: Ball
3-1: Base on Balls
Joel Miller to second
Batting: RHB Keith Hoffman 0-0: Ball
1-0: Ball
2-0: Called Strike
2-1: Ball
3-1: Base on Balls
Joel Miller to third
Chris Wagler to second
Batting: RHB Brandon O'Malley 0-0: Called Strike
0-1: Ball
1-1: Ball
2-1: Swinging Strike
2-2: Ball
3-2: Fly out, F8 (Flyball, 8LD, EV 102.5 MPH)
Top of the 5th over - 1 run, 1 hit, 0 errors, 3 left on base; Toledo 5 - Omaha 5
BOTTOM OF THE 5TH
Omaha Storm Chasers batting - Pitching for Toledo Mud Hens : RHP Roberto Benavides
Batting: SHB Francisco Gutierrez 0-0: Swinging Strike
0-1: Called Strike
0-2: Ground out 4-3 (Groundball, 4, EV 86.2 MPH)
Batting: LHB Danny Bailey 0-0: Ball
1-0: Swinging Strike
1-1: Foul Ball, location: 2F
1-2: Ball
2-2: SINGLE (Groundball, 6MD, EV 110.6 MPH)
Batting: RHB Yuichi Takata 0-0: Called Strike
0-1: SINGLE (Groundball, 25, EV 69.4 MPH) (infield hit)
Danny Bailey to second
Batting: RHB Jason Birge 0-0: Ball
1-0: Ball
2-0: Ball
3-0: Base on Balls
Danny Bailey to third
Yuichi Takata to second
Batting: LHB Chris Eaker 0-0: Fly out, F9 (Flyball, 9LD, EV 100.6 MPH)
Runner from 3rd tags up, SCORES, no throw by RF
Batting: LHB Jim Pankratz 0-0: Ball
1-0: Ball
2-0: Foul Ball, location: 2F
2-1: Foul Ball, location: 2F
2-2: Fielders Choice at 2nd, 6-4 (Groundball, 6, EV 96.9 MPH)
Bottom of the 5th over - 1 run, 2 hits, 0 errors, 2 left on base; Toledo 5 - Omaha 6
TOP OF THE 6TH
Toledo Mud Hens batting - Pitching for Omaha Storm Chasers : RHP Matthew Orphan
Pitching: RHP Terry Romaine
Batting: RHB J.J. Basil 0-0: Ball
1-0: Ball
2-0: Foul Ball, location: 2F
2-1: Foul Ball, location: 2F
2-2: Ball
3-2: Foul Ball, location: 2F
3-2: Strikes out swinging
Batting: LHB Bill Ford 0-0: Swinging Strike
0-1: Foul Ball, location: 2F
0-2: Ground out 4-3 (Groundball, 4, EV 85.6 MPH)
Batting: LHB Jon Frederick 0-0: Swinging Strike
0-1: Ball
1-1: Ball
2-1: Fly out, F8 (Flyball, 8LM, EV 90.6 MPH)
Top of the 6th over - 0 runs, 0 hits, 0 errors, 0 left on base; Toledo 5 - Omaha 6
BOTTOM OF THE 6TH
Omaha Storm Chasers batting - Pitching for Toledo Mud Hens : RHP Roberto Benavides
Batting: RHB Walt Cogswell 0-0: Foul Ball, location: 2F
0-1: Foul Ball, location: 2F
0-2: Ball
1-2: Foul Ball, location: 2F
1-2: DOUBLE (Groundball, 5L, EV 103.8 MPH)
Batting: RHB Ken Postlethwaite 0-0: Foul Ball, location: 2F
0-1: Ground out 5-3 (Groundball, 56, EV 87.5 MPH)
Batting: RHB Danny Weisse 0-0: Ball
1-0: Called Strike
1-1: 2-RUN HOME RUN (Flyball, 89XD, EV 102.5 MPH), Distance : 408 ft
Pitching: RHP Jason Mucci
Batting: SHB Francisco Gutierrez 0-0: Foul Ball, location: 2F
0-1: Ball
1-1: Ball
2-1: Called Strike
2-2: Foul Ball, location: 2F
2-2: Strikes out swinging
Batting: LHB Danny Bailey 0-0: Foul Ball, location: 2F
0-1: Ground out 6-3 (Groundball, 6, EV 93.1 MPH)
Bottom of the 6th over - 2 runs, 2 hits, 0 errors, 0 left on base; Toledo 5 - Omaha 8
TOP OF THE 7TH
Toledo Mud Hens batting - Pitching for Omaha Storm Chasers : RHP Terry Romaine
Batting: RHB Dan Becvar 0-0: Ball
1-0: Swinging Strike
1-1: Ball
2-1: Foul Ball, location: 2F
2-2: Foul Ball, location: 2F
2-2: Strikes out looking
Batting: RHB Willis Morales 0-0: TRIPLE (Line Drive, 7D, EV 106.9 MPH)
Batting: RHB Joel Miller 0-0: Ball
1-0: Called Strike
1-1: Foul Ball, location: 2F
1-2: Ball
2-2: Ball
3-2: Base on Balls
Batting: SHB Chris Wagler 0-0: Ball
1-0: SINGLE (Groundball, 4, EV 95.0 MPH)
Willis Morales scores
Joel Miller to second
Runner from 2nd tries for 3rd, SAFE, throw by RF made to third
Batting: RHB Keith Hoffman 0-0: Ball
1-0: SINGLE (Groundball, 56D, EV 94.4 MPH)
Joel Miller scores
Chris Wagler to second
Batting: RHB Brandon O'Malley 0-0: Called Strike
0-1: Ball
1-1: Ball
2-1: Ball
3-1: Base on Balls
Chris Wagler to third
Keith Hoffman to second
Batting: RHB J.J. Basil 0-0: Ball
1-0: Foul Ball, location: 2F
1-1: SINGLE (Groundball, 6D, EV 99.4 MPH)
Chris Wagler scores
Keith Hoffman to third
Brandon O'Malley to second
Pitching: RHP Elijah Lewis
Batting: LHB Bill Ford 0-0: Ball
1-0: Called Strike
1-1: Ball
2-1: Ball
3-1: Called Strike
3-2: Strikes out swinging
Batting: LHB Jon Frederick 0-0: Foul Ball, location: 2F
0-1: Called Strike
0-2: Foul Ball, location: 2F
0-2: Ball
1-2: Ball
2-2: Strikes out swinging
Top of the 7th over - 3 runs, 4 hits, 0 errors, 3 left on base; Toledo 8 - Omaha 8
BOTTOM OF THE 7TH
Omaha Storm Chasers batting - Pitching for Toledo Mud Hens : RHP Jason Mucci
Batting: RHB Yuichi Takata 0-0: Swinging Strike
0-1: Ball
1-1: Swinging Strike
1-2: Foul Ball, location: 2F
1-2: Strikes out swinging
Batting: RHB Jason Birge 0-0: Called Strike
0-1: Foul Ball, location: 2F
0-2: Ground out 5-3 (Groundball, 56S, EV 66.2 MPH)
Batting: LHB Chris Eaker 0-0: SINGLE (Groundball, 34D, EV 109.4 MPH)
Batting: LHB Jim Pankratz 0-0: Ball
1-0: Called Strike
1-1: Foul Ball, location: 2F
1-2: Ball
2-2: Fielders Choice at 2nd, 5-4 (Groundball, 56, EV 109.4 MPH)
Bottom of the 7th over - 0 runs, 1 hit, 0 errors, 1 left on base; Toledo 8 - Omaha 8
TOP OF THE 8TH
Toledo Mud Hens batting - Pitching for Omaha Storm Chasers : RHP Elijah Lewis
Batting: RHB Dan Becvar 0-0: Called Strike
0-1: Ball
1-1: Called Strike
1-2: Ball
2-2: Strikes out swinging
Batting: RHB Willis Morales 0-0: Ball
1-0: Swinging Strike
1-1: Ball
2-1: Ball
3-1: Called Strike
3-2: Foul Ball, location: 2F
3-2: Base on Balls
Batting: RHB Joel Miller 0-0: Ball
Willis Morales is caught stealing 2nd base 2-4
1-0: Called Strike
1-1: Ball
2-1: Ball
3-1: Base on Balls
Batting: SHB Chris Wagler 0-0: Ground out 4-3 (Groundball, 4S, EV 87.5 MPH)
Top of the 8th over - 0 runs, 0 hits, 0 errors, 1 left on base; Toledo 8 - Omaha 8
BOTTOM OF THE 8TH
Omaha Storm Chasers batting - Pitching for Toledo Mud Hens : RHP Jason Mucci
Pitching: RHP Chris Kimura
Batting: RHB Walt Cogswell 0-0: Swinging Strike
0-1: Ball
1-1: Ball
2-1: Called Strike
2-2: Foul Ball, location: 2F
2-2: Ground out 4-3 (Groundball, 4, EV 80.0 MPH)
Batting: RHB Ken Postlethwaite 0-0: Ball
1-0: Ball
2-0: Swinging Strike
2-1: Ball
3-1: Base on Balls
Batting: RHB Danny Weisse 0-0: Ball
1-0: Ball
2-0: Ball
3-0: Grounds into double play, 6-4-3 (Groundball, 6, EV 104.4 MPH)
Bottom of the 8th over - 0 runs, 0 hits, 0 errors, 0 left on base; Toledo 8 - Omaha 8
TOP OF THE 9TH
Toledo Mud Hens batting - Pitching for Omaha Storm Chasers : RHP Elijah Lewis
Pitching: RHP Jake Gregor
Batting: RHB Keith Hoffman 0-0: Called Strike
0-1: Foul Ball, location: 2F
0-2: Foul Ball, location: 2F
0-2: Ground out 1-3 (Groundball, 13S, EV 63.8 MPH)
Batting: RHB Brandon O'Malley 0-0: Called Strike
0-1: Ball
1-1: TRIPLE (Flyball, 89XD, EV 105.0 MPH)
Batting: RHB J.J. Basil Squeeze bunt is on, Brandon O'Malley is out
0-1: Ball
1-1: Ball
2-1: Ball
3-1: Base on Balls
Batting: LHB Bill Ford 0-0: Called Strike
0-1: Foul Ball, location: 2F
0-2: Foul Ball, location: 2F
0-2: Foul Ball, location: 2F
0-2: Ball
1-2: Strikes out swinging
Top of the 9th over - 0 runs, 1 hit, 0 errors, 1 left on base; Toledo 8 - Omaha 8
BOTTOM OF THE 9TH
Omaha Storm Chasers batting - Pitching for Toledo Mud Hens : RHP Chris Kimura
Pitching: RHP Martin Murillo
Batting: SHB Francisco Gutierrez 0-0: Called Strike
0-1: Foul Ball, location: 2F
0-2: Foul Ball, location: 2F
0-2: Foul Ball, location: 2F
0-2: Ball
1-2: Foul Ball, location: 2F
1-2: Ground out 6-3 (Groundball, 6, EV 104.4 MPH)
Batting: LHB Danny Bailey 0-0: Ball
1-0: Ground out 5-3 (Groundball, 6, EV 84.4 MPH)
Batting: RHB Yuichi Takata 0-0: Reached on error, E4 (Groundball, 4, EV 81.2 MPH)
Pinch Hitting: LHB Shigeru Ono 0-0: Intentional Walk
Batting: RHB Taisei Fujii 0-0: Ground out 6-3 (Groundball, 6, EV 98.8 MPH)
Bottom of the 9th over - 0 runs, 0 hits, 1 error, 2 left on base; Toledo 8 - Omaha 8
TOP OF THE 10TH
Toledo Mud Hens batting - Pitching for Omaha Storm Chasers : RHP Jake Gregor
Now at C: Adam Krieger
Batting: LHB Jon Frederick 0-0: Called Strike
0-1: Called Strike
0-2: Foul Ball, location: 2F
0-2: Ball
1-2: Ball
2-2: Ball
3-2: Ground out 4-3 (Groundball, 34, EV 85.0 MPH)
Batting: RHB Dan Becvar 0-0: Ball
1-0: Called Strike
1-1: SINGLE (Groundball, 4S, EV 68.1 MPH) (infield hit)
Batting: RHB Willis Morales 0-0: Called Strike
0-1: Foul Ball, location: 2F
0-2: Strikes out swinging
Batting: RHB Joel Miller 0-0: Ball
1-0: Foul Ball, location: 2F
1-1: Foul Ball, location: 2F
1-2: Ball
2-2: Strikes out swinging
Top of the 10th over - 0 runs, 1 hit, 0 errors, 1 left on base; Toledo 8 - Omaha 8
BOTTOM OF THE 10TH
Omaha Storm Chasers batting - Pitching for Toledo Mud Hens : RHP Martin Murillo
Batting: LHB Jim Pankratz 0-0: DOUBLE (Flyball, 8LXD, EV 112.5 MPH)
Batting: RHB Walt Cogswell 0-0: Ball
1-0: SINGLE (Groundball, 6MD, EV 98.1 MPH)
Jim Pankratz to third
Runner from 3rd tries for Home, SAFE, throw by CF to home
Bottom of the 10th over - 1 run, 2 hits, 0 errors, 1 left on base; Toledo 8 - Omaha 9
Tuesday, March 28th , 2023 - OOTP Baseball 23.10 Build 110